 Dungeon Crawl Stone Soup version 0.31-a0-986-g5e6e4ef867 (webtiles) character file.

Game seed: 15366623880306438830

2691 avis the Mimic (level 9, -3/40 HPs)
             Began as a Felid Shapeshifter on Nov 25, 2023.
             Was an Initiate of Gozag.
             Succumbed to Amaemon's poison
             ... on level 8 of the Dungeon.
             The game lasted 00:32:53 (6773 turns).

avis the Mimic (Felid Shapeshifter)                 Turns: 6773, Time: 00:32:54

Health: -3/40      AC:  2    Str: 12    XL:     9   Next: 38%
Magic:  1/10       EV: 24    Int: 11    God:    Gozag
Gold:   378        SH:  0    Dex: 18    Spells: 6/8 levels left
                                        Lives:  0   Deaths: 3

rFire   . .          .
                       - Unarmed
rCold   + . .        (shield unavailable)
rNeg    . . .        (body armour unavailable)
rPois   .            (helmet unavailable)
rElec   .            (cloak unavailable)
rCorr   .            (gloves unavailable)
SInv    +            (boots unavailable)
Will    +....        v - amulet of guardian spirit
Stlth   ++           n - ring of protection from cold
HPRegen 0.26/turn    (no ring)
MPRegen 0.12/turn

%: guardian spirit
@: lethally poisoned (-3 -> -19), blade hands, attractive, quick
A: very small, (claws 1), fangs 3, see invisible, speed 1, shaggy fur 2,
(stealthy paws), no weapons or thrown items, no armour, multi-lived
a: Begin Untransformation, Renounce Religion, Potion Petition, Call Merchant,
Bribe Branch


You were on level 8 of the Dungeon.
You worshipped Gozag.
Gozag was aware of your devotion.
You had blades for front paws.
You visited 2 branches of the dungeon, and saw 9 of its levels.

You collected 476 gold pieces.
You paid 98 gold pieces to Gozag.

Inventory:

Jewellery
 c - an amulet of magic regeneration
 n - a ring of protection from cold (left blade hand)
 v - an amulet of guardian spirit (around neck)
Talismans
 b - a beast talisman
 f - a flux talisman
 l - a blade talisman (active)
Wands
 x - a wand of polymorph (29)
 C - a wand of mindburst (14)
 F - a wand of paralysis (14)
Scrolls
 g - 10 scrolls of identify {unknown}
 j - 2 scrolls of enchant weapon {unknown}
 k - a scroll of silence {unknown}
 m - a scroll of fear {unknown}
 o - 2 scrolls of teleportation {unknown}
 p - a scroll of blinking {unknown}
 q - a scroll of vulnerability {unknown}
 u - a scroll of noise {unknown}
 w - 2 scrolls of immolation {unknown}
 y - a scroll of poison {unknown}
 A - a scroll of summoning {unknown}
 B - a scroll of fog {unknown}
 D - a scroll of enchant armour {unknown}
 E - a scroll of amnesia {unknown}
Potions
 a - a potion of lignification
 d - 2 potions of attraction
 h - 2 potions of ambrosia {unknown}
 i - a potion of berserk rage {unknown}
 r - 2 potions of degeneration {unknown}
 s - 2 potions of haste {unknown}
 t - a potion of heal wounds {unknown}
 z - a potion of enlightenment {unknown}


   Skills:
 - Level 5.0 Fighting
 * Level 10.0 Dodging
 - Level 3.0 Unarmed Combat
 - Level 10.0 Shapeshifting


You had 6 spell levels left.
You knew the following spells:

 Your Spells              Type           Power      Damage    Failure   Level
e - Wereblood             Tmut           0%         N/A       47%         2

Your spell library contained the following spells:

 Spells                   Type           Power      Damage    Failure   Level
 Magic Dart               Conj           0%         1d3       34%         1
 Sandblast                Erth           0%         2d4       34%         1
 Call Imp                 Summ           0%         N/A       47%         2
 Passwall                 Tmut/Erth      0%         N/A       47%         2
 Mephitic Cloud           Conj/Pois/Air  0%         N/A       71%         3
 Stone Arrow              Conj/Erth      0%         3d7       71%         3
 Brom's Barrelling Bould  Conj/Erth      0%         2d3       98%         4
 Irradiate                Conj/Tmut      0%         3d11      100%        5


Dungeon Overview and Level Annotations

Branches:
Dungeon (8/15)             Temple (1/1) D:7
   Lair: D:8-11

Altars:
Ashenzari
Cheibriados
Dithmenos
Elyvilon
Fedhas
Gozag
Hepliaklqana
Kikubaaqudgha
Nemelex Xobeh
Qazlal
Sif Muna
Trog
Vehumet
Wu Jian
Xom
Yredelemnul
Zin
The Shining One

Annotations:
D:8 Amaemon


Innate Abilities, Weirdness & Mutations

You have blades for front paws.
((You have sharp claws.))
You have razor-sharp teeth.
You have supernaturally acute eyesight. (SInv)
You cover ground quickly. (Speed+)
You are covered in thick fur. (AC +2)
((Your paws help you pounce on unaware monsters.))
You are incapable of wielding weapons or throwing items.
You cannot wear armour.
You gain extra lives every three experience levels.


Message History

Amaemon is moderately wounded.
Amaemon hits you with a +0 demon whip of venom!
You are poisoned.
Amaemon completely misses you. x2
You closely miss Amaemon. You bite Amaemon.
Amaemon is moderately wounded.
You feel very sick. Amaemon completely misses you. Amaemon misses you.
Amaemon completely misses you.
You slash Amaemon! You slash Amaemon.
Amaemon is heavily wounded.
You feel very sick. Amaemon completely misses you. Amaemon claws you!
Amaemon misses you.
You feel better.
Something foul drips from Amaemon's claws.
Amaemon barely misses you. Amaemon misses you. x2
You hit Amaemon but do no damage.
Amaemon is heavily wounded.
Amaemon hits you with a +0 demon whip of venom!
You are poisoned.
Amaemon closely misses you. x2
You feel better.
Amaemon hits you with a +0 demon whip of venom!
Amaemon closely misses you. Amaemon completely misses you.
The orc shouts!
You slash Amaemon!
Amaemon is heavily wounded.
Amaemon completely misses you. Amaemon claws you!
* * * LOW HITPOINT WARNING * * *
Amaemon misses you.
You hit Amaemon.
Amaemon is heavily wounded.
Amaemon hits you with a +0 demon whip of venom!
* * * LOW HITPOINT WARNING * * *
You are lethally poisoned!
Amaemon closely misses you. Amaemon barely misses you.
It was a potion of attraction.
You feel attractive to monsters.
You die...
Your body crumbles into a pile of gold.

##>..########..# ###..###
###..# ....## #...# ##
.#### ###...###....
....######.........#
###....##....#o#####
..####....#..#..##
....#.......###..##
......#....##.##@.##
#######...##...##6.###
######..##..⌠.6'#...##
##......##..⌠.⌠..##...###
......###..⌠._.⌠..###...#
..###...##..⌠.⌠..##.....#
#..####..##..⌠..##..###.##
#...####..##...##..####..##
###..# ##..##.##..###.....#


You could see Amaemon and an orc.

Vanquished Creatures
  Pikel (D:6)
  An orange demon (D:7)
  A wyvern (D:7)
  Menkaure (D:5)
  An orc warrior (D:7)
  A sky beast (D:6)
  A black bear (D:5)
  An ogre (D:4)
  A phantom (D:3)
  A lemure (D:6)
  A gnoll sergeant (D:6)
  3 bullfrogs
  2 scorpions
  3 wights
  A howler monkey (D:7)
  An orc priest (D:7)
  4 hounds (D:6)
  2 jellies
  2 sleepcaps
  An iguana (D:6)
  5 orc wizards
  Robin (D:2)
  8 gnolls
  4 adders
  A white imp (D:7)
  4 ufetubi
  3 dart slugs
  22 orcs
  6 ball pythons
  4 bats
  3 endoplasms
  4 giant cockroaches
  12 goblins
  5 hobgoblins
  3 jackals (D:4)
  6 kobolds
  A quokka (D:2)
  3 frilled lizards (D:2)
  4 rats
  A spectral goblin (D:2)
130 creatures vanquished.

Notes
Turn   | Place    | Note
-------+----------+-------------------------------------------
     0 | D:1      | avis the Felid Shapeshifter began the quest for the Orb.
     0 | D:1      | Reached XP level 1. HP: 9/9 MP: 2/2
   184 | D:1      | Reached XP level 2. HP: 13/13 MP: 3/3
   701 | D:2      | Found a faded altar of an unknown god.
   759 | D:2      | Reached XP level 3. HP: 14/16 MP: 4/4
  1323 | D:3      | Reached XP level 4. HP: 21/21 MP: 5/5
  1325 | D:3      | Noticed a phantom
  1423 | D:3      | Killed a phantom
  1424 | D:3      | Reached skill level 5 in Dodging
  1424 | D:3      | Reached XP level 5. HP: 21/24 MP: 6/6
  1548 | D:3      | Noticed Robin
  1590 | D:2      | Killed Robin
  2260 | D:4      | Noticed an ogre
  2264 | D:4      | Slain by an ogre
  2317 | D:4      | Found a shimmering blue altar of Sif Muna.
  2318 | D:4      | Found a basalt altar of Yredelemnul.
  2318 | D:4      | Found a broken altar of Ashenzari.
  2319 | D:4      | Found a snail-covered altar of Cheibriados.
  2464 | D:4      | Killed an ogre
  2465 | D:4      | Gained mutation: You are covered in thick fur. (AC +2)
                  | [Felid growth]
  2465 | D:4      | Reached XP level 6. HP: 13/28 MP: 3/7
  3080 | D:5      | Entered Level 5 of the Dungeon
  3090 | D:4      | Reached skill level 5 in Shapeshifting
  3243 | D:5      | Found a white marble altar of Elyvilon.
  3531 | D:5      | Noticed Menkaure
  3549 | D:5      | Killed Menkaure
  3550 | D:5      | Reached XP level 7. HP: 13/31 MP: 3/8
  4411 | D:6      | Noticed Pikel
  4443 | D:6      | Killed Pikel
  4444 | D:6      | Reached skill level 5 in Fighting
  4444 | D:6      | Reached XP level 8. HP: 29/37 MP: 6/9
  5279 | D:7      | Killed from afar by an orc priest
  5426 | D:7      | Found a staircase to the Ecumenical Temple.
  5439 | Temple   | Found a transporter.
  5439 | Temple   | Found a transporter.
  5439 | Temple   | Found a transporter.
  5439 | Temple   | Found a transporter.
  5439 | Temple   | Entered the Ecumenical Temple
  5457 | Temple   | Became a worshipper of Gozag Ym Sagoz the Greedy
  5500 | D:7      | Found a glowing silver altar of Zin.
  5860 | D:6      | Identified the +3 plate armour "Forget-Me-Not" {rN+ MP-9
                  | Int+3 SInv}
  6016 | D:7      | Reached XP level 9. HP: 40/40 MP: 10/10
  6353 | D:8      | Found a glowing golden altar of the Shining One.
  6353 | D:8      | Noticed an orange demon
  6354 | D:8      | Noticed Amaemon
  6379 | D:8      | Learned a level 2 spell: Wereblood
  6436 | D:8      | HP: 3/60 [Amaemon/+0 demon whip of venom (10)]
  6436 | D:8      | Slain by Amaemon
  6543 | D:7      | Killed an orange demon
  6661 | D:8      | Reached skill level 10 in Shapeshifting
  6700 | D:7      | Reached skill level 10 in Dodging
  6772 | D:8      | HP: 1/40 [Amaemon/+0 demon whip of venom (9)]
  6773 | D:8      | Succumbed to Amaemon's poison

Illustrated notes

Levels and vault maps discovered:
D:1:      lightli_arrival_isolated_outpost, layout_loops_ring,
          minmay_tetromino_i4
D:2:      layout_basic, dreamdust_ecumenical_altar_drowned_temple,
          minmay_misc_feat_hallway
D:3:      layout_basic, serial_aquarium, aquarium_bridge_straight
          [aquarium_subvault_bridge, aquarium_subvault_window,
          aquarium_subvault_bridge, aquarium_subvault_wall], aquarium_window_2,
          aquarium_window_2, aquarium_window_fake, aquarium_window_fake,
          aquarium_view_2f, aquarium_view_2e, uniq_robin
D:4:      layout_basic, chequers_temple_overflow_statue_of_worship,
          grunt_ministairs_3
D:5:      layout_basic, elyvilon_altar_3, uniq_menkaure
D:6:      layout_rooms, uniq_pikel
D:7:      layout_basic, zin_statuary, minmay_temple_entry_antechambers,
          minivault_11
D:8:      layout_rooms, tso_metal_star, gammafunk_temple_overflow_statue,
          uniq_amaemon
Temple:   hellmonk_temple_divided_pantheon

Skill      XL: |  1  2  3  4  5  6  7  8  9 |
---------------+----------------------------+-----
Fighting       | 2 3 5 |  5.0
Dodging        | 4 5 6 8 9 10 | 10.0
Shapeshifting  | 4 6 7 9 10 | 10.0
Unarmed Combat | |  3.0

Action                     |  1- 3 |  4- 6 |  7- 9 || total
---------------------------+-------+-------+-------++-------
  Melee: Unarmed           |    92 |   124 |   250 ||   466
         Bite              |     9 |    13 |    32 ||    54
         Punch             |     2 |     2 |     4 ||     8
  Evoke: Wand              |       |       |     4 ||     4
    Use: Potion            |       |       |     7 ||     7
   Stab: Sleeping          |     2 |       |       ||     2
 Armour: Skin              |    23 |    32 |    85 ||   140
  Dodge: Dodged            |    63 |   108 |   266 ||   437
   Form: Flux              |       |     1 |       ||     1
         Blade             |       |       |     1 ||     1

Table legend: (Time is in decaauts)
 A = Elapsed time spent in this place.
 B = Non-inter-level travel time spent in this place.
 C = Inter-level travel time spent in this place.
 D = Time resting spent in this place.
 E = Time spent auto-exploring this place.
 F = Levels seen in this place.
 G = Mean time per level.
                   A        B        C        D        E       F      G
               +--------+--------+--------+--------+--------+-----+--------+
         Total |   5831 |   5208 |    623 |   1133 |   2404 |   9 |  647.9 |
       Dungeon |   5806 |   5183 |    623 |   1133 |   2404 |   8 |  725.8 |
        Temple |     25 |     25 |      0 |      0 |      0 |   1 |   25.0 |
               +--------+--------+--------+--------+--------+-----+--------+

Top non-repeatable levels by time:
     D:7: 1210 daAuts
     D:4: 880 daAuts
     D:5: 804 daAuts
     D:6: 799 daAuts
     D:3: 757 daAuts
     D:1: 619 daAuts
     D:2: 533 daAuts
     D:8: 202 daAuts
  Temple: 25 daAuts
